 Dungeon Crawl Stone Soup version 0.29.0-4-gdea44cf6ec (webtiles) character file.

Game seed: 1326042410814880120

0 qw the Sneak (level 1, -9/14 HPs)
             Began as a Gargoyle Delver on Sept 10, 2022.
             Was an Initiate of Okawaru.
             Mangled by an iguana (11 damage)
             ... on level 5 of the Dungeon.
             The game lasted 00:00:03 (176 turns).

qw the Sneak (Gargoyle Delver)                       Turns: 176, Time: 00:00:04

Health: -9/14      AC:  5    Str: 15    XL:     1   Next: 0%
Magic:  1/1        EV: 11    Int: 10    God:    Okawaru [......]
Gold:   0          SH:  0    Dex: 11    Spells: 0/0 levels left

rFire   . . .      SeeInvis .   a - +0 hand axe
rCold   . . .      Faith    .   (no shield)
rNeg    + . .      Spirit   .   b - +0 leather armour
rPois   inf        Reflect  .   (no helmet)
rElec   +          Harm     .   (no cloak)
rCorr   .          Rampage  .   (no gloves)
Will    .....                   (no boots)
Stlth   +++.......              (no amulet)
HPRegen 0.04/turn               (no ring)
MPRegen 0.07/turn               (no ring)

@: no status effects
A: sickness immunity, AC +2, negative energy resistance 1, electricity
resistance, torment resistance 1, petrification resistance
a: Renounce Religion


You were on level 5 of the Dungeon.
You worshipped Okawaru.
Okawaru was noncommittal.
You visited 2 branches of the dungeon, and saw 2 of its levels.


Innate Abilities, Weirdness & Mutations

You are immune to sickness and miasma.
Your stone body is resilient. (AC +2)
You are immune to poison.
You resist negative energy. (rN+)
You are resistant to electric shocks. (rElec)
You are resistant to unholy torment.
You are immune to petrification.


   Skills:
 - Level 3.2 Fighting
 + Level 1.7 Axes
 - Level 1.5 Dodging
 - Level 5.4 Stealth


You couldn't memorise any spells.
You didn't know any spells.
Your spell library was empty.

Inventory:

Hand Weapons
 a - a +0 hand axe (weapon)
Armour
 b - a +0 leather armour (worn)
Wands
 g - a wand of digging (3)
Potions
 f - a potion of haste

Dungeon Overview and Level Annotations

Branches:
Dungeon (5/15)             Temple (1/1) D:5

Altars:
Ashenzari
Dithmenos
Elyvilon
Fedhas
Gozag
Hepliaklqana
Makhleb
Nemelex Xobeh
Okawaru
Sif Muna
Vehumet
Yredelemnul


Message History

Press < or > to pray at altars.
Press < or > to pray at altars.
(D) Dungeon (T) Temple
Where to? (* - list waypoints, Enter - Temple @ (x,y), ? - help)
What level of the Dungeon? (default 5, ? - help) Press < or > to pray at altars.
Noecupna sneers, "Thy life force shall be my mouthful!"
The shadow imp shouts, "Embrace thy doom, thou tottering tardy-gaited bandersnitch!"
The shadow demon gives a loud, deep croak!
The Tzitzimitl roars!
The hell beast squeals, "Slither home whilst thou may!"
There is a staircase back to the Dungeon here.
You climb upwards.
There is a staircase to the Ecumenical Temple here.
There is a staircase to the Ecumenical Temple here.
There is a stone staircase leading down here.
Things that are here:
a scroll of fear; a scroll of magic mapping; a scroll of fog
Found a stone staircase leading up.
(D) Dungeon (T) Temple
Where to? (* - list waypoints, Enter - D:5, ? - help)
What level of the Dungeon? (default 1, ? - help)
An orc comes into view. It is wielding a +0 dagger.
An iguana comes into view.
The iguana hisses angrily.
The orc shouts!
A phantom comes into view.
An ogre comes into view. It is wielding a +0 giant club.
The orc hits you but does no damage. The iguana barely misses you.
You barely miss the iguana. You hit the orc. The orc barely misses you.
The iguana bites you!
Ouch! That really hurt!
You hit the orc.
You kill the orc!
Okawaru accepts your kill.
You completely miss the iguana. You barely miss the phantom.
The phantom hits you but does no damage.
The iguana bites you!
Ouch! That really hurt!
You die...

......... .......
...O... ..... ###
#...# .... #...#
....<#W)l#####+#+#
....#..@.....#...#
.........###.#...#
...##......#.#...###..
. ##...#.#..........
###.#....#######.
#.......# #####.#.###
####.#...######.
#....###........


You could see an ogre, a phantom and an iguana.

Vanquished Creatures
  An orc (D:5)
1 creature vanquished.

Notes
Turn   | Place    | Note
-------+----------+-------------------------------------------
     0 | D:5      | qw the Gargoyle Delver began the quest for the Orb.
     0 | D:5      | Reached XP level 1. HP: 14/14 MP: 1/1
     0 | D:5      | 0 ||| qw: Version: 0.1-a-116-g5d60599
     0 | D:5      | 0 ||| qw: Game counter: 8785
     0 | D:5      | 0 ||| qw: Always use a shield: true
     0 | D:5      | 0 ||| qw: God list: Okawaru
     0 | D:5      | 0 ||| qw: Allow faded altars: false
     0 | D:5      | 0 ||| qw: Do Orc after D:15 true
     0 | D:5      | 0 ||| qw: Do second Lair branch before Depths: true
     0 | D:5      | 0 ||| qw: Lair rune preference: random
     0 | D:5      | 0 ||| qw: Plans: Normal
     0 | D:5      | 0 ||| PLANNING TEMPLE
     0 | D:5      | 0 ||| DROPPING scroll of fog.
     1 | D:5      | 1 ||| DROPPING scroll of magic mapping.
     2 | D:5      | 2 ||| DROPPING scroll of fear.
     7 | Temple   | Entered the Ecumenical Temple
     7 | Temple   | Noticed a hell beast
     7 | Temple   | Noticed a Tzitzimitl
     8 | Temple   | Noticed Vuaptomi the pandemonium lord
     8 | Temple   | Noticed Ibik the pandemonium lord
     8 | Temple   | Noticed a balrug
     9 | Temple   | Noticed a Tzitzimitl
    10 | Temple   | Noticed a crimson imp
    10 | Temple   | Noticed a shadow demon
    11 | Temple   | Noticed Pidghi Muts the pandemonium lord
    52 | Temple   | Noticed Noecupna the pandemonium lord
    54 | Temple   | Noticed a quasit
    70 | Temple   | Noticed a Brimstone Fiend
    71 | Temple   | Noticed Qaedwa the pandemonium lord
    83 | Temple   | Noticed Beodah the pandemonium lord
    98 | Temple   | 98 ||| PLANNING D:1-11
   127 | Temple   | Became a worshipper of Warmaster Okawaru
   168 | D:5      | Noticed an iguana
   170 | D:5      | Noticed a phantom
   174 | D:5      | Noticed an ogre
   175 | D:5      | HP: 2/14 [iguana (12)]
   176 | D:5      | Mangled by an iguana

Levels and vault maps discovered:
D:5:      minmay_polygon_palace, layout_basic, temple_fountains,
          dilly_guarded_unrand_devastator, uniq_blork_the_orc, uniq_sigmund,
          uniq_menkaure
Temple:   nicolae_temple_panitentiary

Action                   || total
-------------------------++-------
Melee: Hand axe          ||     2
Armor: Leather armour    ||     2
Dodge: Dodged            ||     2

Table legend:
 A = Non-vault XP
 B = Vault XP
 C = Vault XP percentage of total XP
 D = Non-vault monster count
 E = Vault monster count
 F = Vault count percentage of total count
                 A         B        C        D         E       F
            +---------+---------+-------+---------+---------+-------
      Total |       3 |       0 |   0.0 |       1 |       0 |   0.0
            +---------+---------+-------+---------+---------+-------
        D:5 |       3 |       0 |   0.0 |       1 |       0 |   0.0
            +---------+---------+-------+---------+---------+-------
